 Dungeon Crawl Stone Soup version 0.30-a0-368-g86fb4627a9 (webtiles) character file.

Game seed: 6980367358492701547

72 retardedninja the Trooper (level 4, -2/41 HPs)
             Began as a Hill Orc Fighter on Nov 18, 2022.
             Slain by an orc
             ... wielding a +0 hand axe
              (6 damage)
             ... on level 3 of the Dungeon.
             The game lasted 00:02:18 (1550 turns).

retardedninja the Trooper (Hill Orc Fighter)        Turns: 1550, Time: 00:02:19

Health: -2/41      AC:  7    Str: 20    XL:     4   Next: 25%
Magic:  4/4        EV:  9    Int:  8    God:
Gold:   140        SH:  0    Dex: 10    Spells: 3/3 levels left

rFire   . . .      SeeInvis .    a - +0 war axe
rCold   . . .      Faith    .    c - +0 buckler
rNeg    . . .      Spirit   .    b - +0 scale mail
rPois   .          Reflect  .    (no helmet)
rElec   .          Harm     .    (no cloak)
rCorr   .          Rampage  .    (no gloves)
Will    .....                    (no boots)
Stlth   ..........               (no amulet)
HPRegen 0.26/turn                (no ring)
MPRegen 0.09/turn                (no ring)

@: confused, mighty
A: no striking features
a: no special abilities


You were on level 3 of the Dungeon.
You visited 1 branch of the dungeon, and saw 3 of its levels.

You collected 140 gold pieces.

Inventory:

Hand Weapons
 a - a +0 war axe (weapon)
Missiles
 g - 4 javelins (quivered)
Armour
 b - a +0 scale mail (worn)
 c - a +0 buckler (worn)
Jewellery
 o - a ring of positive energy
 q - a ring of resist corrosion
Scrolls
 f - a scroll of immolation {unknown}
 h - a scroll of butterflies {unknown}
 j - a scroll of summoning {unknown}
 k - a scroll of brand weapon {unknown}
 m - a scroll of enchant weapon {unknown}
 n - 2 scrolls of enchant armour {unknown}
 p - a scroll of teleportation {unknown}
 r - a scroll of amnesia {unknown}
 t - a scroll of magic mapping {unknown}
Potions
 i - a potion of invisibility {unknown}
 l - 2 potions of heal wounds {unknown}
 s - a potion of flight {unknown}
 u - 2 potions of resistance {unknown}
 v - a potion of ambrosia {unknown}


   Skills:
 + Level 4.3 Fighting
 + Level 3.6 Axes
 + Level 3.9 Armour
 + Level 3.9 Shields


You had 3 spell levels left.
You didn't know any spells.
Your spell library contained the following spells:

 Spells                   Type           Power      Damage    Failure   Level
 Slow                     Hex            0%         N/A       85%         1
 Summon Small Mammal      Summ           0%         N/A       85%         1
 Call Canine Familiar     Summ           0%         N/A       99%         3
 Confusing Touch          Hex            0%         N/A       99%         3
 Summon Guardian Golem    Hex/Summ       0%         N/A       99%         3
 Vampiric Draining        Necr           0%         2d6       99%         3


Dungeon Overview and Level Annotations

Branches:
Dungeon (3/15)

Altars:


Message History

The orc hits you but does no damage. The orc hits you with a +0 flail.
The orc hits you from afar with a +0 trident.
Something hits you but does no damage. The orc hits you with a +0 hand axe.
Unknown command.
You closely miss something. You hit the orc. You closely miss the orc.
The orc completely misses you. The orc hits you with a +0 flail.
* * * LOW HITPOINT WARNING * * *
Something hits you.
* * * LOW HITPOINT WARNING * * *
You block the orc's attack.
Unknown command.
It was a potion of curing.
You feel better. You block the orc's attack.
The orc hits you but does no damage. Something hits you but does no damage.
The orc hits you but does no damage.
You miss something. You hit the orc. You closely miss the orc.
The orc hits you from afar with a +0 trident.
* * * LOW HITPOINT WARNING * * *
The orc closely misses you.
You hear some strange, mumbled words.
You are confused.
The orc barely misses you.
You feel better. Something hits you.
* * * LOW HITPOINT WARNING * * *
The orc hits you from afar with a +0 trident.
* * * LOW HITPOINT WARNING * * *
The orc hits you but does no damage. The orc misses you.
You feel very mighty all of a sudden.
You hear some strange, mumbled words.
You are confused.
The orc hits you but does no damage. The orc closely misses you.
The orc barely misses you.
You completely miss something. You miss the orc. You slash the orc!
You kill the orc!
The orc hits you but does no damage. Something hits you.
* * * LOW HITPOINT WARNING * * *
The orc closely misses you.
The orc hits you from afar with a +0 trident.
* * * LOW HITPOINT WARNING * * *
Something hits you but does no damage. The orc hits you with a +0 hand axe.
You die...

#(# #. ##.# ##.. .#.####
##... ......###..#
#..#.##..####
##.......#....
.[...#.....######
##.###.##.......####.###
#..# #....#####.@o......
#.####.......###{)......
..###........# #.o......
.............# #........
.##..#.......# #........
.#..##.......# #...?....
.....######### #........
<....# #........ .....#


You could see 2 orcs.

Vanquished Creatures
  An adder (D:2)
  A worm (D:2)
  A dart slug (D:2)
  2 orcs (D:3)
  6 endoplasms
  2 giant cockroaches (D:2)
  5 goblins (D:1)
  9 hobgoblins
  2 jackals (D:2)
  5 kobolds
  6 ball pythons
  5 bats
  4 frilled lizards
  5 rats
54 creatures vanquished.

Notes
Turn   | Place    | Note
-------+----------+-------------------------------------------
     0 | D:1      | retardedninja the Hill Orc Fighter began the quest for the
                  | Orb.
     0 | D:1      | Reached XP level 1. HP: 19/19 MP: 1/1
   152 | D:1      | Reached XP level 2. HP: 15/27 MP: 2/2
   625 | D:1      | Reached skill level 4 in Fighting
   627 | D:1      | Reached XP level 3. HP: 33/33 MP: 3/3
  1255 | D:2      | Reached XP level 4. HP: 40/40 MP: 4/4
  1550 | D:3      | Slain by an orc

Illustrated notes

Levels and vault maps discovered:
D:1:      lightli_arrival_windingriver, layout_basic, st_stairs_2,
          chequers_serial_rivers_small_3
D:2:      layout_basic, st_stairs_1, minmay_tiny_reverse_x
D:3:      layout_rooms, grunt_ministairs_10, dk_noncrumbling_2

Skill      XL: |  1  2 |
---------------+-------+-----
Axes           | 3 |  3.6
Fighting       | 4 |  4.3
Armour         | |  3.9
Shields        | |  3.9

Action                   |  1- 3 |  4- 6 || total
-------------------------+-------+-------++-------
Melee: War axe           |    85 |    37 ||   122
  Use: Potion            |       |     3 ||     3
Armor: Scale mail        |    53 |    43 ||    96
Dodge: Dodged            |    29 |    33 ||    62
Block: Buckler           |    19 |    16 ||    35

Table legend: (Time is in decaauts)
 A = Elapsed time spent in this place.
 B = Non-inter-level travel time spent in this place.
 C = Inter-level travel time spent in this place.
 D = Time resting spent in this place.
 E = Time spent auto-exploring this place.
 F = Levels seen in this place.
 G = Mean time per level.
                   A        B        C        D        E       F      G
               +--------+--------+--------+--------+--------+-----+--------+
         Total |   1599 |   1571 |     28 |    147 |   1113 |   3 |  533.0 |
       Dungeon |   1599 |   1571 |     28 |    147 |   1113 |   3 |  533.0 |
               +--------+--------+--------+--------+--------+-----+--------+

Top non-repeatable levels by time:
     D:1: 858 daAuts
     D:2: 676 daAuts
     D:3: 63 daAuts
